 Dungeon Crawl Stone Soup version 0.25-a0-705-ge9988fc0fb (webtiles) character file.

Game seed: 3065940466300243708, levelgen mode: deterministic

87082 Ribbendal the Geomancer (level 15, -3/93 HPs)
             Began as a Gargoyle Earth Elementalist on Apr 4, 2020.
             Was a High Priest of Vehumet.
             Slain by a merfolk
             ... wielding a +2 trident of flaming
              (8 damage)
             ... on level 1 of the Shoals.
             The game lasted 01:32:06 (26517 turns).

Ribbendal the Geomancer (GrEE)                     Turns: 26517, Time: 01:32:07

Health: -3/93      AC: 32    Str: 12    XL:     15   Next: 89%
Magic:  12/29      EV: 15    Int: 22    God:    Vehumet [*****.]
Gold:   1626       SH:  0    Dex: 10    Spells: 11/34 levels left

rFire    . . .     SeeInvis .   H - +7 morningstar (freeze)
rCold    . . .     Gourm    .   (no shield)
rNeg     + . .     Faith    .   E - +5 steam dragon scales
rPois    ∞         Spirit   .   X - +2 hood of the Assassin {Detection Stab+ Stlth++}
rElec    +         Reflect  .   y - scarf {cloud immunity}
rCorr    .         Harm     .   e - +1 pair of gloves
MR       +....                  V - +0 pair of boots
Stlth    ++++......             r - amulet of rage
HPRegen  0.25/turn              N - +6 ring of slaying
MPRegen  0.21/turn              j - +4 ring of protection

@: flying, very slightly contaminated, invisible
A: big wings, negative energy resistance 1, electricity resistance, unbreathing,
petrification resistance, rot immunity, AC +11
a: Stop Flying, Renounce Religion, Evoke Berserk Rage


You were on level 1 of the Shoals.
You worshipped Vehumet.
Vehumet was extremely pleased with you.
You were not hungry.

You visited 5 branches of the dungeon, and saw 25 of its levels.
You also visited: Volcano.

You collected 2374 gold pieces.
You spent 748 gold pieces at shops.

Inventory:

Hand Weapons
 H - a +7 morningstar of freezing (weapon)
 Y - a +0 eveningstar of flaming
Missiles
 b - 431 stones (quivered)
 R - 3 throwing nets
Armour
 e - a +1 pair of gloves (worn)
 y - a scarf of cloud immunity (worn)
 E - +5 steam dragon scales (worn)
 V - a +0 pair of boots (worn)
 X - the +2 hood of the Assassin (worn) {Detection Stab+ Stlth++}
   (You found it on level 14 of the Dungeon)

   It makes you much more stealthy.
Magical Staves
 A - an uncursed staff of wizardry
Jewellery
 j - a +4 ring of protection (right hand)
 o - an uncursed ring of wizardry
 r - an amulet of rage (around neck)
 t - the ring of the Gloaming {Int+5 SInv}
   (You found it on level 6 of the Lair of Beasts)

   [ring of see invisible]

   It affects your intelligence (+5).
   It lets you see invisible.
 v - a cursed amulet of inaccuracy {unknown}
 D - an uncursed ring of ice
 N - a +6 ring of slaying (left hand)
 Z - an uncursed ring of see invisible
Wands
 a - a wand of digging (7)
 c - a wand of polymorph (12)
 s - a wand of disintegration (6)
 w - a wand of acid (9)
 J - a wand of paralysis (21)
 L - a wand of iceblast (17)
Scrolls
 f - 5 scrolls of fog
 h - 2 scrolls of magic mapping
 n - 8 scrolls of remove curse
 p - a scroll of fear
 x - 6 scrolls of teleportation
 B - 3 scrolls of blinking
 C - a scroll of enchant weapon
 I - a scroll of immolation
 S - 6 scrolls of amnesia
Potions
 g - 10 potions of curing
 i - 5 potions of cancellation
 k - 7 potions of heal wounds
 l - 3 potions of magic
 m - 3 potions of might
 q - a potion of resistance
 u - 6 potions of stabbing
 z - 4 potions of haste
 F - 2 potions of ambrosia
 K - a potion of invisibility
 M - a potion of mutation
 P - a potion of brilliance
Miscellaneous
 O - a lightning rod (4/4)
 Q - a phial of floods
Comestibles
 d - 52 rations
 G - 3 chunks of flesh


   Skills:
 - Level 10.5 Fighting
 - Level 9.7 Maces & Flails
 - Level 6.0 Armour
 - Level 8.3 Dodging
 - Level 2.1 Stealth
 - Level 10.3 Spellcasting
 - Level 11.6 Conjurations
   Level 0.7 Transmutations
 + Level 10.2 Fire Magic
 - Level 13.0 Earth Magic
 - Level 6.0 Evocations


You had 11 spell levels left.
You knew the following spells:

 Your Spells              Type           Power        Failure   Level  Hunger
a - Sandblast             Erth           ######       1%          1    None
b - Stone Arrow           Conj/Erth      ######       1%          3    None
c - Lee's Rapid Deconstr  Erth           ######....   1%          5    ####...
d - Iron Shot             Conj/Erth      ######....   1%          6    ######.
g - Ignition              Fire           ######....   78%         8    #######

Your spell library contained the following spells:

 Spells                   Type           Power        Failure   Level  Hunger
 Ozocubu's Refrigeration  Ice            ##........   89%         6    ######.
 Magic Dart               Conj           ####         1%          1    None
 Passwall                 Tmut/Erth      #####...     1%          2    None
 Conjure Flame            Conj/Fire      ######..     1%          3    None
 Dazzling Flash           Conj/Hex       #####.       1%          3    None
 Mephitic Cloud           Conj/Pois/Air  ####....     1%          3    None
 Static Discharge         Conj/Air       #####...     1%          3    None
 Petrify                  Tmut/Erth      #####...     3%          4    ##.....
 Beastly Appendage        Tmut           ##....       4%          1    None
 Lightning Bolt           Conj/Air       #####.....   4%          5    ####...
 Corona                   Hex            ##.....      6%          1    None
 Infusion                 Chrm           ##..         6%          1    None
 Sticks to Snakes         Tmut           ##......     7%          2    None
 Blink                    Tloc           N/A          9%          2    None
 Call Imp                 Summ           ##......     9%          2    None
 Ensorcelled Hibernation  Hex/Ice        ##....       9%          2    None
 Shroud of Golubria       Chrm/Tloc      ##....       9%          2    None
 Slow                     Hex            ##......     9%          2    None
 Swiftness                Chrm/Air       ##......     9%          2    None
 Spider Form              Tmut/Pois      ##........   16%         3    None
 Confusing Touch          Hex            ##......     19%         3    None
 Gell's Gravitas          Tloc           ##........   19%         3    None
 Tukima's Dance           Hex            ##......     19%         3    None
 Yara's Violent Unravell  Hex/Tmut       ##........   32%         5    ####...
 Ice Form                 Ice/Tmut       ##......     45%         4    ##.....
 Blade Hands              Tmut           ##........   77%         5    ####...
 Metabolic Englaciation   Hex/Ice        ##........   86%         5    ####...
 Shatter                  Erth           ######....   99%         9    #######
 Simulacrum               Ice/Necr       ##........   100%        6    ######.
 Tornado                  Air            ##........   100%        9    #######


Dungeon Overview and Level Annotations

Branches:
Dungeon (15/15)            Temple (1/1) D:5            Lair (6/6) D:10
 Shoals (1/4) Lair:2       Spider (0/4) Lair:3        Slime (0/5) Lair:6
    Orc (2/2) D:9             Elf (0/3) Orc:2        Vaults (0/5) D:13
 Depths (0/5) D:15        Volcano (visited)

Altars:
Ashenzari
Cheibriados
Dithmenos
Elyvilon
Fedhas
Gozag
Hepliaklqana
Kikubaaqudgha
Makhleb
Okawaru
Ru
Sif Muna
Trog
Uskayaw
Vehumet
Xom
Yredelemnul
The Shining One
Beogh
Jiyva

Shops:
D:4 !   D:6 %*   D:8 =   Orc:2 [[((%

Portals:
Trove: D:12 (give +6 demon blade)

Annotations:
Lair:5 exclusions: door and 5 oklob plants


Innate Abilities, Weirdness & Mutations

You are resistant to torment.
Your stone body is resilient. (AC +11)
You are immune to poison.
Your large and strong wings let you fly indefinitely.
You resist negative energy. (rN+)
You are resistant to electric shocks. (rElec)
You can survive without breathing.
You are immune to petrification.
You are immune to rotting.


Message History

The merfolk misses you.
Casting: Iron Shot (safe; 1% risk of failure)
Confirm with . or Enter, or press ? or * to list all spells.
Aiming: Iron Shot (safe; 1% risk of failure)
Press: ? - help, Shift-Dir - straight line, f/p - water nymph
Aim: a water nymph (severely wounded)
The iron shot hits the water nymph!!
You kill the water nymph!
Vehumet accepts your kill. The harpy claws you but does no damage.
The harpy misses you. The sea snake barely misses you.
The merfolk throws a boomerang.
The boomerang closely misses the merfolk.
The boomerang hits the sea snake!
The weapon returns to the merfolk!
The sea snake closely misses you. The water elemental hits you.
The faun casts a spell at you.
The hippogriff seems to slow down.
The merfolk hits you from afar with a +2 trident of flaming!
* * * LOW HITPOINT WARNING * * *
The merfolk burns you!
You die...

..≈§≈≈≈≈≈≈≈≈≈≈ ..
.≈≈≈≈≈≈≈≈≈≈≈≈≈≈≈≈≈
.###.≈≈≈≈≈≈≈≈≈≈≈≈≈≈≈≈
#...≈≈≈≈≈≈≈≈≈≈≈≈≈≈≈≈≈
#...≈≈≈≈≈≈≈≈≈≈≈≈≈≈≈≈
#....≈≈..≈≈≈≈≈≈≈≈≈≈≈
#...≈≈.#..^≈≈≈≈<≈≈≈≈
#.SH≈≈....≈≈≈≈≈≈≈≈≈≈
#H@HH≈≈≈(≈≈≈≈)c≈≈≈≈
##ESc≈≈≈(≈(≈≈≈≈≈≈≈≈
##mm≈≈(≈≈≈(≈≈≈≈≈≈≈
#mc≈≈≈≈≈≈≈≈≈≈≈≈≈≈
####.c≈≈≈≈≈≈≈≈≈≈≈≈≈≈
...?≈≈≈≈≈≈≈≈≈≈≈≈≈≈≈≈
≈≈≈≈≈≈≈≈≈≈m≈≈≈≈≈≈≈≈≈
≈≈≈≈≈≈≈≈≈≈≈≈≈≈≈≈≈≈≈≈≈
≈≈≈≈≈≈≈≈≈≈≈≈≈≈≈≈≈≈≈≈≈


You could see 2 sea snakes, 3 merfolk, 3 fauns, a hippogriff (wandering), a
water elemental, a water nymph and 3 harpies.

Vanquished Creatures
  Nessos (Orc:2)
  A red draconian (Volcano)
  2 fire dragons (D:15)
  Fannar (Lair:3)
  Harold (D:11)
  5 hydras
  A merfolk avatar (Lair:6)
  A catoblepas (D:13)
  Erica (D:11)
  4 centaur warriors
  5 two-headed ogres
  2 dancing weapons (D:13)
  6 death yaks (Lair:2)
  A death knight (D:14)
  5 skeletal warriors
  A salamander mystic (Volcano)
  A wizard (D:14)
  An obsidian statue (Volcano)
  7 orc knights
  3 harpies
  An ugly thing (D:12)
  A deep elf mage (D:10)
  5 cyclopes
  3 manticores
  2 salamanders (Volcano)
  5 elephants
  4 black mambas
  2 water nymphs (Shoals:1)
  11 spiny frogs
  Psyche (D:10)
  3 gargoyles
  Maggie (D:7)
  5 rime drakes
  An efreet (D:15)
  2 yaktaurs
  2 kobold demonologists
  10 komodo dragons
  3 meliai (Lair:5)
  6 trolls
  3 polar bears
  A merfolk (Shoals:1)
  A queen bee (Lair:5)
  A hornet (shapeshifter) (D:14)
  A wind drake (Lair:6)
  6 blink frogs
  A hippogriff (shapeshifter) (D:14)
  4 hornets
  10 hippogriffs
  A raiju (shapeshifter) (D:13)
  10 slime creatures
  A redback (Lair:3)
  2 shadows
  A spriggan (Lair:5)
  A water elemental (D:15)
  4 wyverns
  24 yaks
  2 basilisks
  4 vampire mosquitoes
  10 fire bats
  2 hungry ghosts
  12 wargs
  2 acid dragons
  2 soldier ants
  Duvessa (D:4)
  10 porcupines
  11 water moccasins
  47 orc warriors
  6 ice beasts
  2 sky beasts
  3 black bears
  A necrophage (D:10)
  An eye of draining (D:13)
  16 ogres
  A phantom (D:13)
  9 wolves
  10 centaurs
  15 crocodiles
  5 big kobolds
  10 bullfrogs
  4 gnoll sergeants
  2 wyvern skeletons
  6 scorpions
  2 water moccasin skeletons
  Dowan (D:4)
  30 killer bees
  4 howler monkeys
  9 wights
  5 lava snakes (Volcano)
  4 bullfrog zombies
  8 crimson imps
  2 hounds
  8 jellies
  A bullfrog skeleton (D:10)
  10 orc priests
  2 quasits
  9 centaur skeletons
  5 centaur zombies
  29 orc wizards
  Jessica (D:2)
  8 iguanas
  Natasha (thrice) (D:2)
  13 worker ants
  3 hound zombies
  2 hound skeletons
  A worker ant zombie (D:11)
  10 adders
  19 gnolls
  7 oozes
  2 adder skeletons
  3 worms
  6 leopard geckos
  88 orcs
  6 bats
  5 giant cockroaches
  7 goblins
  8 hobgoblins
  6 jackals
  8 quokkas
  A ball python (D:3)
  5 frilled lizards
  13 kobolds
  A leopard gecko skeleton (D:7)
  A quokka skeleton (D:5)
  12 rats
  A butterfly (D:9)
  5 plants (Lair:6)
758 creatures vanquished.

Vanquished Creatures (others)
  An orc wizard (Orc:2)
  19 fungi
  37 plants
57 creatures vanquished.

Grand Total: 815 creatures vanquished

Notes
Turn   | Place    | Note
-------+----------+-------------------------------------------
     0 | D:1      | Ribbendal the Gargoyle Earth Elementalist began the quest
                  | for the Orb.
     0 | D:1      | Reached XP level 1. HP: 10/10 MP: 3/3
   166 | D:1      | You fall into a shaft and drop 1 floor!
   173 | D:2      | Reached skill level 4 in Earth Magic
   173 | D:2      | Reached XP level 2. HP: 4/15 MP: 3/5
   875 | D:1      | Reached XP level 3. HP: 18/19 MP: 6/6
   880 | D:1      | Learned a level 3 spell: Stone Arrow
  1257 | D:2      | Noticed Jessica
  1364 | D:2      | Killed Jessica
  1364 | D:2      | Reached skill level 1 in Conjurations
  1364 | D:2      | Reached XP level 4. HP: 24/24 MP: 5/8
  1711 | D:2      | Noticed Natasha
  1726 | D:2      | Reached skill level 5 in Earth Magic
  1742 | D:2      | Killed Natasha
  1742 | D:2      | Reached XP level 5. HP: 21/28 MP: 6/10
  1821 | D:2      | Learned a level 5 spell: Lee's Rapid Deconstruction
  1857 | D:2      | Noticed Natasha
  1948 | D:2      | Killed Natasha
  2027 | D:2      | Noticed Natasha
  2033 | D:2      | Killed Natasha
  2222 | D:3      | Reached XP level 6. HP: 30/32 MP: 2/11
  2745 | D:4      | Noticed Dowan
  2765 | D:4      | Killed Dowan
  2769 | D:4      | Noticed Duvessa
  2867 | D:4      | Killed Duvessa
  2867 | D:4      | Reached skill level 6 in Earth Magic
  2867 | D:4      | Reached XP level 7. HP: 36/36 MP: 3/13
  3171 | D:4      | Found Unaw's Distillery.
  3202 | D:4      | Bought a potion of heal wounds for 50 gold pieces
  3202 | D:4      | Bought a potion of heal wounds for 50 gold pieces
  3202 | D:4      | Bought a potion of heal wounds for 50 gold pieces
  3202 | D:4      | Bought a potion of heal wounds for 50 gold pieces
  3202 | D:4      | Bought a potion of curing for 30 gold pieces
  3418 | D:5      | Entered Level 5 of the Dungeon
  3418 | D:5      | Found a staircase to the Ecumenical Temple.
  3425 | Temple   | Entered the Ecumenical Temple
  3569 | Temple   | Became a worshipper of Vehumet
  3661 | D:5      | Reached skill level 7 in Earth Magic
  3748 | D:5      | Found a basalt altar of Yredelemnul.
  3881 | D:5      | Reached skill level 5 in Spellcasting
  3881 | D:5      | Reached skill level 5 in Conjurations
  3881 | D:5      | Reached XP level 8. HP: 41/41 MP: 11/15
  4194 | D:6      | Found Sosogu's Assorted Antiques.
  4286 | D:5      | Reached skill level 1 in Fighting
  4286 | D:5      | Reached skill level 1 in Armour
  4287 | D:5      | Reached * piety under Vehumet
  4287 | D:5      | Offered knowledge of Shock by Vehumet.
  4287 | D:5      | Reached skill level 1 in Maces & Flails
  4287 | D:5      | Reached skill level 1 in Evocations
  4466 | D:6      | Found Guzuif's Food Shop.
  4706 | D:6      | Reached XP level 9. HP: 44/48 MP: 10/17
  4794 | D:6      | Reached skill level 8 in Earth Magic
  5091 | D:6      | Bought 2 purple potions for 50 gold pieces
  5091 | D:6      | Bought a scroll labeled FYCVEH XUCITAPN for 28 gold pieces
  5534 | D:7      | Reached ** piety under Vehumet
  5607 | D:7      | Offered knowledge of Searing Ray by Vehumet.
  5660 | D:7      | Noticed Maggie
  5672 | D:7      | Killed Maggie
  5954 | D:7      | Found Kykh's Armour Boutique.
  6086 | D:8      | Found Usiaq's Jewellery Emporium.
  6467 | D:8      | Reached XP level 10. HP: 47/56 MP: 9/19
  7052 | D:9      | Found a shimmering altar of Xom.
  7132 | D:9      | Offered knowledge of Frozen Ramparts by Vehumet.
  7228 | D:9      | Found a staircase to the Orcish Mines.
  7242 | D:9      | Reached *** piety under Vehumet
  7244 | D:9      | Reached skill level 9 in Earth Magic
  7567 | D:9      | Offered knowledge of Hailstorm by Vehumet.
  7708 | D:9      | Noticed a two-headed ogre
  7716 | D:9      | Killed a two-headed ogre
  7786 | D:9      | Reached skill level 5 in Armour
  7817 | D:9      | Reached skill level 5 in Fighting
  7838 | D:9      | Reached XP level 11. HP: 63/63 MP: 11/21
  8270 | D:10     | Entered Level 10 of the Dungeon
  8330 | D:10     | Reached **** piety under Vehumet
  8507 | D:10     | Reached skill level 5 in Maces & Flails
  8544 | D:10     | Noticed a centaur warrior
  8586 | D:10     | Offered knowledge of Inner Flame by Vehumet.
  8620 | D:10     | Killed a centaur warrior
  9407 | D:10     | Found a staircase to the Lair.
  9409 | D:10     | Noticed Psyche
  9563 | D:10     | Killed Psyche
  9573 | D:10     | Noticed a deep elf mage
  9578 | D:10     | Killed a deep elf mage
  9578 | D:10     | Reached skill level 5 in Dodging
  9578 | D:10     | Reached skill level 10 in Earth Magic
  9578 | D:10     | Reached skill level 5 in Evocations
  9688 | D:11     | Noticed Erica
  9845 | D:11     | Killed Erica
  9991 | D:11     | Reached ***** piety under Vehumet
  9991 | D:11     | Noticed a two-headed ogre
  9994 | D:11     | Offered knowledge of Freezing Cloud by Vehumet.
 10002 | D:11     | Killed a two-headed ogre
 10002 | D:11     | Reached XP level 12. HP: 71/71 MP: 14/23
 10118 | D:11     | Noticed Harold
 10151 | D:11     | Killed Harold
 10292 | D:11     | Identified the Handbook of Lucky Ice
 10354 | D:11     | Found a shadowy altar of Dithmenos.
 10785 | D:12     | Found a portal to a secret trove of treasure.
 10785 | D:12     | Noticed a four-headed hydra
 10788 | D:12     | Killed a four-headed hydra
 10849 | D:12     | Noticed a two-headed ogre
 10854 | D:12     | Killed a two-headed ogre
 10916 | D:12     | Noticed a seven-headed hydra
 10921 | D:12     | Killed a seven-headed hydra
 11533 | D:13     | Reached skill level 11 in Earth Magic
 12096 | D:13     | Offered knowledge of Olgreb's Toxic Radiance by Vehumet.
 12137 | D:13     | Noticed a centaur warrior
 12155 | D:13     | Killed a centaur warrior
 12155 | D:13     | Reached XP level 13. HP: 70/78 MP: 15/25
 12860 | D:13     | Found a gate to the Vaults.
 12879 | D:13     | Reached skill level 10 in Conjurations
 13330 | D:4      | Bought a potion of magic for 80 gold pieces
 13330 | D:4      | Bought a potion of invisibility for 80 gold pieces
 13330 | D:4      | Bought a potion of curing for 30 gold pieces
 13330 | D:4      | Bought a potion of heal wounds for 50 gold pieces
 13330 | D:4      | Bought a potion of ambrosia for 80 gold pieces
 13330 | D:4      | Bought a potion of mutation for 80 gold pieces
 13330 | D:4      | Bought a potion of might for 40 gold pieces
 13975 | D:14     | Offered knowledge of Iron Shot by Vehumet.
 13982 | D:14     | Found the +2 hood of the Assassin {Detection Stab+ Stlth++}
 14569 | Lair:1   | Entered Level 1 of the Lair of Beasts
 14662 | Lair:1   | Learned a level 6 spell: Iron Shot
 14669 | Lair:1   | Reached skill level 12 in Earth Magic
 15484 | Lair:2   | Gained mutation: Your large and strong wings let you fly
                  | indefinitely. [Gargoyle growth]
 15484 | Lair:2   | Reached XP level 14. HP: 86/86 MP: 27/27
 15489 | Lair:2   | Found a dark tunnel.
 15528 | Volcano  | Entered a volcano
 15717 | Volcano  | Noticed a red draconian
 15762 | Volcano  | Killed a red draconian
 16033 | Volcano  | Found a burning altar of Makhleb.
 16100 | Volcano  | Got a shimmering quarterstaff
 16102 | Volcano  | Identified the +6 quarterstaff of Articulation {vorpal,
                  | Str+2} (You found it in a volcano)
 16464 | Lair:2   | Found a staircase to the Shoals.
 17407 | Lair:3   | Offered knowledge of Spellforged Servitor by Vehumet.
 17655 | Lair:3   | Found a hole to the Spider Nest.
 17658 | Lair:3   | Noticed Fannar
 17665 | Lair:3   | Killed Fannar
 18156 | Lair:4   | Reached skill level 10 in Fighting
 18156 | Lair:4   | Reached skill level 10 in Spellcasting
 19474 | Lair:5   | You are sucked into a shaft and drop 1 floor!
 19474 | Lair:6   | Entered Level 6 of the Lair of Beasts
 20050 | Lair:5   | Offered knowledge of Conjure Ball Lightning by Vehumet.
 20784 | Lair:6   | Reached skill level 13 in Earth Magic
 20944 | Lair:6   | Reached XP level 15. HP: 74/93 MP: 29/29
 21171 | Lair:6   | Learned a level 8 spell: Ignition
 21401 | Lair:6   | Found a staircase to the Slime Pits.
 21401 | Lair:6   | Found a viscous altar of Jiyva.
 21423 | Lair:6   | Reached skill level 1 in Fire Magic
 21931 | Lair:6   | Got a glittering tin ring
 21945 | Lair:6   | Got a scorched lead ring
 22309 | Lair:6   | Identified the ring of the Gloaming {Int+5 SInv} (You found
                  | it on level 6 of the Lair of Beasts)
 22310 | Lair:6   | Identified the ring of Devotion {rPois rF+} (You found it
                  | on level 6 of the Lair of Beasts)
 22568 | Orc:1    | Entered Level 1 of the Orcish Mines
 22588 | Orc:1    | Reached skill level 5 in Fire Magic
 23054 | Orc:2    | Entered Level 2 of the Orcish Mines
 23083 | Orc:2    | Found Huycetse's Antique Armour Boutique.
 23185 | Orc:2    | Noticed Nessos
 23238 | Orc:2    | Killed Nessos
 23330 | Orc:2    | Offered knowledge of Starburst by Vehumet.
 23819 | Orc:2    | Found Jetim's Armour Shoppe.
 23819 | Orc:2    | Found Ajumm's Antique Weapon Boutique.
 23889 | Orc:2    | Found a roughly hewn altar of Beogh.
 23915 | Orc:2    | Found Giwufy's Antique Weapon Shoppe.
 23915 | Orc:2    | Found Emnappet's Food Boutique.
 24106 | Orc:2    | Found a staircase to the Elven Halls.
 24509 | D:15     | Entered Level 15 of the Dungeon
 25038 | D:15     | Offered knowledge of Ozocubu's Refrigeration by Vehumet.
 25082 | D:15     | Found a blossoming altar of Fedhas.
 25579 | D:15     | Found a staircase to the Depths.
 26281 | Shoals:1 | Entered Level 1 of the Shoals
 26365 | Shoals:1 | Reached skill level 10 in Fire Magic
 26517 | Shoals:1 | Slain by a merfolk

Levels and vault maps discovered:
D:1:      dpeg_arrival_ratfight, layout_basic, minmay_three_crescents
D:2:      layout_rooms, uniq_natasha, uniq_jessica
D:3:      layout_rooms, chequers_serial_rivers_small_a
D:4:      layout_cave_pools, serial_shops, shop, chequers_mini_garden,
          chequers_serial_rivers_micro_e, uniq_duvessa
D:5:      layout_basic, minmay_temple_entry_purple_smoke, first_ration,
          basic_altar
D:6:      layout_rooms, serial_shops, shop, nicolae_shop_statue_plus,
          dk_rats_in_the_wall
D:7:      layout_basic, serial_shops, nicolae_shop_crystal, uniq_maggie
D:8:      layout_rooms, serial_co_window_serial, co_window_corner_a,
          co_window_paths_b, co_window_paths_a, co_window_paths_a,
          co_window_corner_a, co_window_corner_a, co_window_of_opportunity_a,
          co_window_corner_b, co_window_2corner, co_window_corner_b,
          co_window_corner_b, co_window_4corner_b, serial_shops, shop,
          minmay_misc_feat_diagonals
D:9:      kennysheep_windowed_halls, layout_long_grid, xom_butterflies,
          kennysheep_orc_monster_closet_entryway
D:10:     minmay_tri_box, layout_basic, lair_entry_dummy,
          minmay_fractal_squares_diagonal_5, uniq_psyche
D:11:     layout_irregular_city, hangedman_little_slice_of_home,
          grunt_dithmenos_smoke_and_mirrors, uniq_erica, uniq_harold
D:12:     layout_rooms, nicolae_trove_entry_crossroad
D:13:     layout_loops_ring, erik_vaults_1, st_stairs_12,
          minmay_fractal_squares_5
D:14:     layout_loops_cross, nicolae_wwwww, item_on_display_a
D:15:     grunt_enter_depths_hoard, layout_basic, fedhas_altar_2,
          serial_bayou_ford_a
Temple:   roderic_octagonal_lattice_temple
Lair:1:   layout_cave_pods, beast_lair_carwin_7
Lair:2:   layout_gridlike, elwin_shoals_entry_rocks,
          nicolae_volcano_entry_batcave
Lair:3:   layout_hall_layers, spider_nest_entry_webs,
          chequers_serial_rivers_micro_c, minivault_11,
          chequers_serial_rivers_large_a, uniq_fannar
Lair:4:   layout_concentric_octagons, infiniplex_staircase_pool_2
Lair:5:   dpeg_oklob_gauntlet, layout_cave_pods, special_room
          [special_room_bee], grunt_forest_stairs_clearing
Lair:6:   gammafunk_lair_ancient_temple, layout_concentric_octagons,
          slime_altar_1, wad_woods_road_03, minivault_19
Shoals:1: layout_shoals
Orc:1:    layout_diamond_mine, rock_pile
Orc:2:    st_orc_town, layout_caves, serial_shops, shop, uniq_nessos

Skill      XL: |  1  2  3  4  5  6  7  8  9 10 11 12 13 14 15 |
---------------+----------------------------------------------+-----
Earth Magic    | 4 5 6 7 8 9 10 11 12 13 | 13.0
Spellcasting   | 3 4 5 6 7 8 9 10 | 10.3
Conjurations   | 1 2 3 5 6 7 8 9 10 11 | 11.6
Fighting       | 2 3 5 6 7 9 10 | 10.5
Armour         | 2 3 5 6 |  6.0
Maces & Flails | 2 3 4 6 7 8 9 |  9.7
Evocations     | 1 3 4 5 6 |  6.0
Dodging        | 2 3 4 5 6 7 8 |  8.3
Fire Magic     | 10 | 10.2
Stealth        | |  2.1
Transmutations | |  0.7

Action                   |  1- 3 |  4- 6 |  7- 9 | 10-12 | 13-15 || total
-------------------------+-------+-------+-------+-------+-------++-------
Melee: Dagger            |    87 |    43 |       |       |       ||   130
       Mace              |       |    52 |   281 |       |       ||   333
       Morningstar       |       |       |     2 |   115 |   905 ||  1022
       Whip              |       |       |       |   291 |       ||   291
Throw: Throwing net      |       |       |       |     1 |       ||     1
 Cast: Sandblast         |    18 |    56 |   120 |   167 |   102 ||   463
       Stone Arrow       |     2 |     8 |     8 |    22 |    30 ||    70
       Lee's Rapid Decon |       |       |     2 |    45 |    44 ||    91
       Iron Shot         |       |       |       |       |    41 ||    41
 Abil: Fly               |       |       |       |       |     1 ||     1
       Evoke Berserk Rag |       |       |       |       |     1 ||     1
Evoke: Wand              |       |       |     8 |       |    15 ||    23
       Phial of floods   |       |       |       |     1 |       ||     1
       Lightning rod     |       |       |       |       |     4 ||     4
  Use: Potion            |       |     2 |       |     1 |     4 ||     7
       Scroll            |       |    11 |     8 |     9 |    18 ||    46
 Stab: Sleeping          |     1 |     1 |     2 |     5 |    23 ||    32
       Distracted        |       |       |       |       |     4 ||     4
  Eat: Chunk             |     2 |     5 |     9 |    26 |    48 ||    90
       Ration            |       |       |     1 |     1 |     7 ||     9
Armor: Robe              |    35 |    37 |   163 |       |       ||   235
       Steam dragon scal |       |       |    25 |   228 |   706 ||   959
Dodge: Dodged            |    70 |    96 |   347 |   311 |   882 ||  1706

Table legend:
 A = Non-vault XP
 B = Vault XP
 C = Vault XP percentage of total XP
 D = Non-vault monster count
 E = Vault monster count
 F = Vault count percentage of total count
                 A         B        C        D         E       F
            +---------+---------+-------+---------+---------+-------
      Total |   76550 |   47854 |  38.5 |     507 |     245 |  32.6
            +---------+---------+-------+---------+---------+-------
        D:1 |      21 |      16 |  43.2 |      13 |      11 |  45.8
        D:2 |     156 |      72 |  31.6 |      25 |       2 |   7.4
        D:3 |     138 |       0 |   0.0 |      19 |       0 |   0.0
        D:4 |     324 |     214 |  39.8 |      11 |       2 |  15.4
        D:5 |     839 |       0 |   0.0 |      26 |       0 |   0.0
        D:6 |    1008 |       0 |   0.0 |      23 |       0 |   0.0
        D:7 |    1207 |     389 |  24.4 |      22 |       1 |   4.3
        D:8 |     443 |       0 |   0.0 |       8 |       0 |   0.0
        D:9 |    1491 |    4042 |  73.1 |      30 |      38 |  55.9
       D:10 |    2953 |    2933 |  49.8 |      20 |      17 |  45.9
       D:11 |    4395 |    2335 |  34.7 |      43 |      11 |  20.4
       D:12 |    5463 |       0 |   0.0 |      17 |       0 |   0.0
       D:13 |    6562 |    6639 |  50.3 |      30 |      15 |  33.3
       D:14 |    7439 |       0 |   0.0 |      30 |       0 |   0.0
       D:15 |    9237 |    2194 |  19.2 |      25 |       2 |   7.4
     Lair:1 |    3305 |     998 |  23.2 |      14 |       7 |  33.3
     Lair:2 |    9361 |     585 |   5.9 |      23 |       3 |  11.5
     Lair:3 |    1938 |    1272 |  39.6 |       8 |       2 |  20.0
     Lair:4 |    3930 |       0 |   0.0 |      12 |       0 |   0.0
     Lair:5 |    4160 |    3437 |  45.2 |      19 |      30 |  61.2
     Lair:6 |    4567 |    8886 |  66.1 |      17 |      26 |  60.5
   Shoals:1 |    2514 |       0 |   0.0 |       5 |       0 |   0.0
      Orc:1 |    2177 |       6 |   0.3 |      27 |       2 |   6.9
      Orc:2 |    2922 |    8575 |  74.6 |      40 |      59 |  59.6
    Volcano |       0 |    5261 | 100.0 |       0 |      17 | 100.0
            +---------+---------+-------+---------+---------+-------
